 Dungeon Crawl Stone Soup version 0.27-a0-1184-ge86db4a01e (webtiles) character file.

Game seed: 18415551174615735924

457 roflturtle the Magician (level 7, 0/50 HPs)
             Began as a Djinni Fire Elementalist on May 19, 2021.
             Slain by a thrashing horror (2 damage)
             ... on level 1 of the Abyss.
             The game lasted 00:18:18 (5797 turns).

roflturtle the Magician (Djinni Fire Elementalist)  Turns: 5797, Time: 00:18:19

Health: 0/50       AC:  2    Str:  7    XL:     7   Next: 27%
Gold:   193        EV: 13    Int: 18    God:
                   SH:  0    Dex: 14

rFire    + + .     SeeInvis .   b - +0 dagger
rCold    x . .     Faith    .   (no shield)
rNeg     . . .     Spirit   .   a - +0 robe
rPois    ∞         Reflect  .   (no helmet)
rElec    .         Harm     .   (no cloak)
rCorr    .         Rampage  .   (no gloves)
Will     .....                  (boots unavailable)
Stlth    ++........             (no amulet)
HPRegen  0.16/turn              (no ring)
MPRegen  0.00/turn              (no ring)

@: flying
A: sickness immunity, fire resistance 2, cold vulnerability 1, float, innate
caster, hp casting, extra vitality 1
a: no special abilities


You were on level 1 of the Abyss.
You visited 1 branch of the dungeon, and saw 4 of its levels.
You visited the Abyss 1 time.

You collected 193 gold pieces.

Inventory:

Hand Weapons
 b - a +0 dagger (weapon)
Armour
 a - a +0 robe (worn)
 l - a +1 ring mail of cold resistance
Jewellery
 n - a ring of magical power
 p - a ring of protection from cold
 r - a +6 ring of intelligence
Scrolls
 f - 2 scrolls of teleportation {unknown}
 g - 2 scrolls of identify {unknown}
 h - a scroll of acquirement {unknown}
Potions
 c - a potion of heal wounds {unknown}
 d - 2 potions of curing {unknown}
 e - 3 potions of mutation {unknown}
 i - 2 potions of brilliance {unknown}
 j - a potion of haste {unknown}
 k - a potion of degeneration {unknown}
 m - a potion of flight {unknown}
 o - a potion of attraction {unknown}
Miscellaneous
 q - a piece from Xom's chessboard (15/15)


   Skills:
 - Level 3.0 Fighting
 + Level 3.1 Dodging
 - Level 2.0 Stealth
 - Level 5.0 Spellcasting


You couldn't memorise any spells.
You knew the following spells:

 Your Spells              Type           Power      Damage    Failure   Level
a - Foxfire               Conj/Fire      88%        2x1d8     1%          1
b - Conjure Flame         Conj/Fire      22%        6-21      4%          3
c - Inner Flame           Hex/Fire       22%        N/A       4%          3
d - Sticky Flame          Conj/Fire      22%        2d4       17%         4
e - Fireball              Conj/Fire      11%        3d7       43%         5
f - Pain                  Necr           88%        1d8       1%          1
g - Corpse Rot            Necr/Air       N/A        N/A       2%          2
h - Slow                  Hex            22%        N/A       2%          2
Your spell library was empty.

Dungeon Overview and Level Annotations

Branches:
Dungeon (4/15)
 Temple: D:4-7

Altars:
Dithmenos
Hepliaklqana
Makhleb
Nemelex Xobeh
Ru
Uskayaw
Vehumet
Wu Jian
Xom

Annotations:
D:4 Pikel


Innate Abilities, Weirdness & Mutations

You are immune to sickness and miasma.
You are immune to poison.
Your flesh is very heat resistant. (rF++)
You are vulnerable to cold. (rC-)
You float through the air rather than walking.
You learn spells naturally, not from books.
Your magical power is your life essence.
You have superior vitality. (+4 HP)


Message History

Found 10 gold pieces.
r - a +6 ring of intelligence A rust devil comes into view.
The rust devil screeches!
A hornet comes into view.
You hit the hornet but do no damage. The rust devil closely misses you.
The hornet barely misses you. The hornet stings you.
The hornet barely misses you. The rust devil closely misses you.
A raiju comes into view.
The hornet stings you!
The hornet changes into a sky beast!
A large abomination comes into view.
A thrashing horror comes into view.
The thrashing horror roars!
The thrashing horror tramples you!
You hold your ground!
The thrashing horror closely misses you.
The thrashing horror tramples you but does no damage.
The thrashing horror tramples you.
You hold your ground!
The thrashing horror closely misses you.
The thrashing horror tramples you.
You are shoved backwards!
A bone dragon comes into view.
The thrashing horror tramples you!
* * * LOW HITPOINT WARNING * * *
You are shoved backwards!
An iron imp comes into view.
The thrashing horror tramples you.
* * * LOW HITPOINT WARNING * * *
You hold your ground!
The thrashing horror misses you.
The thrashing horror roars!
The iron imp shouts, "Slither home, thou quaking hasty-witted wagtail!"
The thrashing horror barely misses you. The thrashing horror tramples you.
* * * LOW HITPOINT WARNING * * *
You are shoved backwards!
The thrashing horror completely misses you.
The thrashing horror tramples you but does no damage.
The thrashing horror misses you.
The thrashing horror closely misses you.
The thrashing horror tramples you.
You die...

#.. .. .# #.. § #.#
### .#.. .# .. # .#.
.#.####... ###.. #.
.....#.#......#. ...
...#.#.#...##.#..#..
.... #.
###.##...##..........
......#..#....... ..
#.#..##.#... . ...
#@....#..#..### .. .
# ##X#...#Y#..#.#. .
#.....#.#.#......
#.##5##...#..... .
#.....####4#Y....
#..###.4##..# #. .
#.5## #...Y######. #
. #.#...# .. #.
#.#.###


You could see a thrashing horror and an iron imp.

Vanquished Creatures
  An ogre (D:4)
  A scorpion (D:4)
  A howler monkey (D:4)
  A centaur skeleton (D:3)
  An orc wizard (D:4)
  A scorpion zombie (D:4)
  3 adders
  6 gnolls (D:2)
  An ufetubus (Abyss:1)
  An adder skeleton (D:4)
  3 worms
  A dart slug (D:2)
  5 orcs
  4 endoplasms
  3 giant cockroaches
  6 goblins
  8 hobgoblins
  11 jackals (D:1)
  7 kobolds
  4 quokkas
  9 ball pythons
  7 bats
  A frilled lizard (D:1)
  3 rats
89 creatures vanquished.

Vanquished Creatures (others)
  304 foxfires
304 creatures vanquished.

Grand Total: 393 creatures vanquished

Notes
Turn   | Place    | Note
-------+----------+-------------------------------------------
     0 | D:1      | roflturtle the Djinni Fire Elementalist began the quest for
                  | the Orb.
     0 | D:1      | Reached XP level 1. HP: 15/15 MP: 0/0
   628 | D:1      | Reached XP level 2. HP: 16/22 MP: 0/0
   742 | D:1      | Reached skill level 1 in Fighting
  1212 | D:1      | Reached XP level 3. HP: 25/28 MP: 0/0
  1212 | D:1      | Learned a level 1 spell: Pain
  1443 | D:1      | Found a faded altar of an unknown god.
  2570 | D:2      | Reached XP level 4. HP: 31/33 MP: 0/0
  2636 | D:2      | Reached skill level 3 in Spellcasting
  3407 | D:2      | Reached XP level 5. HP: 25/39 MP: 0/0
  3407 | D:2      | Learned a level 2 spell: Corpse Rot
  4102 | D:3      | Reached XP level 6. HP: 23/46 MP: 0/0
  4265 | D:3      | Found a shadowy altar of Dithmenos.
  4340 | D:3      | Found a sacrificial altar of Ru.
  4490 | D:3      | Found a hazy altar of Hepliaklqana.
  4633 | D:4      | Found a sparkling altar of Nemelex Xobeh.
  4748 | D:4      | Reached skill level 4 in Spellcasting
  4749 | D:4      | Noticed Pikel
  4940 | D:4      | Found a hide-covered altar of Uskayaw.
  4996 | D:4      | Found an ornate altar of the Wu Jian Council.
  5078 | D:4      | Noticed an ogre
  5097 | D:4      | Killed an ogre
  5098 | D:4      | Reached XP level 7. HP: 12/50 MP: 0/0
  5098 | D:4      | Learned a level 2 spell: Slow
  5364 | D:4      | Found a shimmering altar of Xom.
  5367 | D:4      | Found a burning altar of Makhleb.
  5390 | D:4      | Reached skill level 5 in Spellcasting
  5615 | D:4      | Cast into level 1 of the Abyss (crimson imp)
  5664 | Abyss:1  | Noticed a small abomination
  5683 | Abyss:1  | Noticed a large abomination
  5688 | Abyss:1  | Noticed a large abomination
  5699 | Abyss:1  | Noticed a large abomination
  5706 | Abyss:1  | Noticed an anaconda zombie
  5714 | Abyss:1  | Noticed a blink frog
  5714 | Abyss:1  | Noticed a blink frog
  5716 | Abyss:1  | Noticed a thrashing horror
  5772 | Abyss:1  | Noticed a rust devil
  5775 | Abyss:1  | Noticed a hornet
  5779 | Abyss:1  | Noticed a raiju
  5782 | Abyss:1  | a hornet changed into a sky beast
  5783 | Abyss:1  | Noticed a large abomination
  5786 | Abyss:1  | Noticed a thrashing horror
  5791 | Abyss:1  | Noticed a bone dragon
  5794 | Abyss:1  | HP: 2/50 [thrashing horror (3)]
  5797 | Abyss:1  | Slain by a thrashing horror

Illustrated notes

Levels and vault maps discovered:
D:1:      roderic_octagonal_star, layout_basic, ebering_ecumenical_altar_hall,
          kennysheep_minor_cross
D:2:      layout_loops_ring, minmay_stone_trees_small
D:3:      layout_rooms, overflow_temple_1_default,
          grunt_dithmenos_smoke_and_mirrors, worldfamousw_hep_ancestral_shrine
D:4:      layout_basic, grunt_temple_overflow_champion_of_chaos,
          nemelex_diamond_rough_becter, gammafunk_temple_overflow_wave,
          kennysheep_little_box, minmay_manual_mess, uniq_pikel
Abyss:1:  base:
D:2

Skill      XL: |  1  2  3  4  5  6  7 |
---------------+----------------------+-----
Stealth        | 2 |  2.0
Fighting       | 1 2 3 |  3.0
Spellcasting   | 3 4 5 |  5.0
Dodging        | 3 |  3.1

Action                   |  1- 3 |  4- 6 |  7- 9 || total
-------------------------+-------+-------+-------++-------
Melee: Dagger            |    60 |    71 |    17 ||   148
 Cast: Foxfire           |    70 |   105 |    16 ||   191
       Slow              |       |       |     3 ||     3
 Stab: Sleeping          |     1 |     4 |       ||     5
Armor: Robe              |    18 |    15 |     4 ||    37
Dodge: Dodged            |    53 |    61 |    24 ||   138

Table legend: (Time is in decaauts)
 A = Elapsed time spent in this place.
 B = Non-inter-level travel time spent in this place.
 C = Inter-level travel time spent in this place.
 D = Time resting spent in this place.
 E = Time spent auto-exploring this place.
 F = Levels seen in this place.
 G = Mean time per level.
                   A        B        C        D        E       F      G
               +--------+--------+--------+--------+--------+-----+--------+
         Total |   5798 |   5685 |    113 |   1838 |   2526 |   5 | 1159.6 |
       Dungeon |   5616 |   5503 |    113 |   1823 |   2526 |   4 | 1404.0 |
         Abyss |    181 |    181 |      0 |     15 |      0 |   1 |  181.0 |
               +--------+--------+--------+--------+--------+-----+--------+

Top non-repeatable levels by time:
     D:1: 2360 daAuts
     D:2: 1510 daAuts
     D:3: 958 daAuts
     D:4: 787 daAuts
 Abyss:1: 181 daAuts
